[Event "HUN-ch U8-U18 2019"]
[Site "Balatonlelle"]
[Date "2019.06.21"]
[Round "2.32"]
[White "Matyassy, Lazar"]
[Black "Havasi, Mate Pal"]
[Result "1-0"]
[ECO "C25"]
[WhiteElo "1539"]
[BlackElo "1325"]
[Annotator "NA"]
[PlyCount "79"]
[EventDate "2019.06.21"]
[EventType "swiss"]
[EventCountry "HUN"]
[SourceTitle "playchess.com"]
[Source "ChessBase"]
[SourceQuality "1"]
[TimeControl "40/5400+30:1800+30"]

1. e4 e5 2. Nc3 Nc6 3. Bc4 Bc5 4. Qg4 Qf6 5. Nd5 Qg6 6. Qxg6 hxg6 7. Nxc7+ Kd8 8. Nxa8 Nd4 9. Bb3 b6 10. c3 Nxb3 11. axb3 a5 12. b4 Bb7 13. bxc5 Bxa8 14. cxb6 Nf6 15. f3 Kc8 16. Rxa5 Kb7 17. Rxe5 Kxb6 18. b4 d6 19. Ra5 Nd7 20. d3 Ne5 21. Be3+ Kb7 22. Ke2 Rc8 23. Ra3 Kc7 24. Nh3 Kd8 25. Rha1 Bb7 26. Ng5 f6 27. Ne6+ Ke7 28. Nf4 g5 29. Nd5+ Bxd5 30. exd5 Kf7 31. Ra7+ Kg6 32. Bd4 Re8 33. Bxe5 Rxe5+ 34. Kd2 Rxd5 35. Rd7 Kf5 36. g3 g6 37. Re7 g4 38. fxg4+ Kxg4 39. c4 Rd4 40. Ke3 1-0

[Event "HUN-ch U8-U18 2019"]
[Site "Balatonlelle"]
[Date "2019.06.21"]
[Round "2.33"]
[White "Biro, Daniel"]
[Black "Karacsonyi, Bank"]
[Result "0-1"]
[ECO "E67"]
[WhiteElo "1343"]
[BlackElo "1529"]
[Annotator "NA"]
[PlyCount "96"]
[EventDate "2019.06.21"]
[EventType "swiss"]
[EventCountry "HUN"]
[SourceTitle "playchess.com"]
[Source "ChessBase"]
[SourceQuality "1"]
[TimeControl "40/5400+30:1800+30"]

1. Nf3 Nf6 2. g3 g6 3. Bg2 Bg7 4. O-O d6 5. d4 O-O 6. c4 Nbd7 7. Nc3 e5 8. dxe5 dxe5 9. Qc2 Ne8 10. Rd1 Nd6 11. b3 f5 12. Bg5 Qe8 13. Nd5 e4 14. Nxc7 Qf7 15. Rac1 exf3 16. Bxf3 Ne4 17. Bxe4 fxe4 18. Nxa8 Qxf2+ 19. Kh1 Qf5 20. Bf4 Ne5 21. Nc7 Ng4 22. Rf1 Qh5 23. h4 Rxf4 24. Rxf4 g5 25. Qxe4 gxf4 26. Qd5+ Qxd5+ 27. Nxd5 Kf7 28. Nxf4 Ne3 29. Nd5 Nf5 30. Rf1 Kg6 31. Nf4+ Kh6 32. Kh2 Ne3 33. Rf3 Ng4+ 34. Kg2 Bf5 35. Kh3 Ne5+ 36. Kg2 Nxf3 37. exf3 Bb1 38. g4 Be5 39. g5+ Kg7 40. Ne6+ Kg8 41. f4 Bd6 42. c5 Be7 43. a3 Bf5 44. Nc7 Bxc5 45. b4 Bd6 46. Nb5 Bxf4 47. Nxa7 Bc1 48. a4 Bc2 0-1

[Event "HUN-ch U8-U18 2019"]
[Site "Balatonlelle"]
[Date "2019.06.21"]
[Round "2.34"]
[White "Megyeri, Martin"]
[Black "Varga, Boldizsar"]
[Result "1/2-1/2"]
[ECO "C54"]
[WhiteElo "1520"]
[BlackElo "1804"]
[Annotator "NA"]
[PlyCount "59"]
[EventDate "2019.06.21"]
[EventType "swiss"]
[EventCountry "HUN"]
[SourceTitle "playchess.com"]
[Source "ChessBase"]
[SourceQuality "1"]
[TimeControl "40/5400+30:1800+30"]

1. e4 e5 2. Nf3 Nc6 3. Bc4 Bc5 4. c3 Nf6 5. d4 exd4 6. cxd4 Bb4+ 7. Nc3 Nxe4 8. O-O Nxc3 9. bxc3 Bxc3 10. Qb3 O-O 11. Qxc3 d5 12. Bb3 Re8 13. Ba3 Bg4 14. Ne5 Nxe5 15. dxe5 d4 16. Qg3 Bh5 17. Bb2 c5 18. f4 Rc8 19. Bc2 c4 20. Qh3 Qb6 21. Bxh7+ Kxh7 22. Qxh5+ Kg8 23. Ba3 d3+ 24. Kh1 Red8 25. Rf3 Qh6 26. Qxh6 gxh6 27. Rd1 d2 28. Rc3 a5 29. Bd6 Rxd6 30. Kg1 1/2-1/2

[Event "HUN-ch U8-U18 2019"]
[Site "Balatonlelle"]
[Date "2019.06.21"]
[Round "2.35"]
[White "Csernyik, Mark"]
[Black "Kerekes, Laszlo Fulop"]
[Result "1-0"]
[ECO "C55"]
[WhiteElo "1704"]
[BlackElo "1320"]
[Annotator "NA"]
[PlyCount "69"]
[EventDate "2019.06.21"]
[EventType "swiss"]
[EventCountry "HUN"]
[SourceTitle "playchess.com"]
[Source "ChessBase"]
[SourceQuality "1"]
[TimeControl "40/5400+30:1800+30"]

1. e4 e5 2. Nf3 Nc6 3. d4 exd4 4. Bc4 Nf6 5. e5 d5 6. Bb5 Ne4 7. Nxd4 Bd7 8. Bxc6 Bxc6 9. Be3 Qd7 10. O-O Be7 11. f4 O-O 12. Nd2 f5 13. Nxe4 dxe4 14. Qe2 Bc5 15. Rad1 Bxd4 16. Bxd4 Qe6 17. b3 a6 18. c4 b5 19. Qc2 Qe8 20. Rc1 Qg6 21. Rf2 Rfd8 22. Rd1 Rd7 23. Rfd2 Rad8 24. Be3 Rd3 25. Rxd3 Rxd3 26. cxb5 Bxb5 27. Rxd3 Bxd3 28. Qxc7 Qg4 29. h3 Qe2 30. Qc8+ Kf7 31. Qxf5+ Ke7 32. Bc5+ Ke8 33. e6 Qd1+ 34. Kh2 Qc2 35. Qf7+ 1-0

[Event "HUN-ch U8-U18 2019"]
[Site "Balatonlelle"]
[Date "2019.06.21"]
[Round "2.36"]
[White "Nagy, Levente"]
[Black "Toth, Rafael"]
[Result "1-0"]
[ECO "B02"]
[WhiteElo "2092"]
[BlackElo "1178"]
[Annotator "NA"]
[PlyCount "129"]
[EventDate "2019.06.21"]
[EventType "swiss"]
[EventCountry "HUN"]
[SourceTitle "playchess.com"]
[Source "ChessBase"]
[SourceQuality "1"]
[TimeControl "40/5400+30:1800+30"]

1. e4 Nf6 2. Nc3 d5 3. exd5 Nxd5 4. Bc4 e6 5. Qf3 Nxc3 6. dxc3 Bd6 7. Ne2 O-O 8. O-O Nc6 9. Bf4 Ne5 10. Bxe5 Bxe5 11. Qe4 Qf6 12. Bd3 Qf5 13. Qh4 Bf6 14. Qc4 Qe5 15. Rad1 b6 16. Rfe1 Bb7 17. Ng3 Qc5 18. Qg4 Qg5 19. Qe2 Rad8 20. Ba6 Rxd1 21. Rxd1 Bxa6 22. Qxa6 Qa5 23. Qc4 Rd8 24. Re1 Qc5 25. Qg4 Qg5 26. Qe4 Rd5 27. Qa4 g6 28. Qxa7 Be5 29. Qa8+ Rd8 30. Qe4 Bxg3 31. hxg3 Qf5 32. Qc6 Qxc2 33. Qxc7 Rd2 34. Qxb6 Qxb2 35. Qxb2 Rxb2 36. a4 Ra2 37. Re4 Ra3 38. Rc4 Kg7 39. f4 f5 40. Kf2 Kf6 41. Ke3 Ra2 42. Kf3 Ke7 43. Rc7+ Kd6 44. Rxh7 Rxa4 45. Rh6 Ra3 46. Rxg6 Rxc3+ 47. Kf2 Rc2+ 48. Kg1 Rc1+ 49. Kh2 Rc8 50. g4 Ke7 51. g5 Rc3 52. Rg7+ Kf8 53. Ra7 Rd3 54. g6 Rc3 55. g3 Rc2+ 56. Kh3 Rc1 57. Kh4 Rh1+ 58. Kg5 Rg1 59. Kf6 Ke8 60. g7 Rxg3 61. Ra8+ Kd7 62. g8=Q Rxg8 63. Rxg8 Kd6 64. Rd8+ Kc7 65. Rd1 1-0

[Event "HUN-ch U8-U18 2019"]
[Site "Balatonlelle"]
[Date "2019.06.23"]
[Round "3.1"]
[White "Markus, Molli Amina"]
[Black "Kovacs, Reka"]
[Result "1-0"]
[ECO "A34"]
[WhiteElo "1755"]
[BlackElo "1318"]
[Annotator "NA"]
[PlyCount "57"]
[EventDate "2019.06.21"]
[EventType "swiss"]
[EventCountry "HUN"]
[SourceTitle "playchess.com"]
[Source "ChessBase"]
[SourceQuality "1"]
[TimeControl "40/5400+30:1800+30"]

1. c4 c5 2. Nc3 Nf6 3. g3 d5 4. cxd5 Nxd5 5. Bg2 Nc7 6. Nf3 Nc6 7. O-O e5 8. d3 Be7 9. Bd2 O-O 10. Rc1 Be6 11. Ne4 b6 12. Bc3 f6 13. a3 Rc8 14. Rb1 Qd7 15. b4 cxb4 16. Bxb4 Nxb4 17. axb4 Bh3 18. Qb3+ Kh8 19. b5 Bxg2 20. Kxg2 Bd6 21. Rfc1 f5 22. Nxd6 Qxd6 23. Rc6 Qe7 24. Rbc1 e4 25. Nd4 f4 26. Ne6 fxg3 27. Nxf8 Qxf8 28. hxg3 Qe7 29. Qc4 1-0

[Event "HUN-ch U8-U18 2019"]
[Site "Balatonlelle"]
[Date "2019.06.23"]
[Round "3.1"]
[White "Lokos, Viktoria"]
[Black "Lukacs, Anna Kata"]
[Result "0-1"]
[ECO "B10"]
[WhiteElo "1230"]
[BlackElo "1915"]
[Annotator "NA"]
[PlyCount "48"]
[EventDate "2019.06.21"]
[EventType "swiss"]
[EventCountry "HUN"]
[SourceTitle "playchess.com"]
[Source "ChessBase"]
[SourceQuality "1"]
[TimeControl "40/5400+30:1800+30"]

1. e4 c6 2. Nf3 g6 3. g3 Bg7 4. d4 d5 5. exd5 cxd5 6. Bg2 Nc6 7. O-O Bg4 8. Be3 Qb6 9. Nc3 e6 10. h3 Bxf3 11. Bxf3 Qxb2 12. Na4 Qb4 13. c3 Qe7 14. Re1 Nf6 15. Bg5 Qd6 16. Qb3 O-O 17. Bf4 Qe7 18. Rab1 b6 19. Qb5 Qd7 20. Rbd1 Nxd4 21. Qd3 Nxf3+ 22. Qxf3 Qxa4 23. Be5 Ne4 24. Bxg7 Kxg7 0-1

[Event "HUN-ch U8-U18 2019"]
[Site "Balatonlelle"]
[Date "2019.06.23"]
[Round "3.2"]
[White "Pasti, Anna"]
[Black "Kiss, Eniko"]
[Result "1-0"]
[ECO "B50"]
[WhiteElo "1955"]
[BlackElo "1708"]
[Annotator "NA"]
[PlyCount "47"]
[EventDate "2019.06.21"]
[EventType "swiss"]
[EventCountry "HUN"]
[SourceTitle "playchess.com"]
[Source "ChessBase"]
[SourceQuality "1"]
[TimeControl "40/5400+30:1800+30"]

1. e4 c5 2. Nf3 d6 3. c4 Nc6 4. d4 cxd4 5. Nxd4 Nf6 6. Nc3 Qb6 7. Nb3 a6 8. Be3 Qc7 9. Be2 g6 10. Nd5 Nxd5 11. cxd5 Ne5 12. Rc1 Qd8 13. f4 Nd7 14. Bd4 Nf6 15. g4 Rg8 16. Bf3 Bg7 17. g5 Nd7 18. Bxg7 Rxg7 19. O-O f6 20. Nd4 fxg5 21. Ne6 Qb6+ 22. Kh1 Rf7 23. Nc7+ Kd8 24. Nxa8 1-0

[Event "HUN-ch U8-U18 2019"]
[Site "Balatonlelle"]
[Date "2019.06.23"]
[Round "3.2"]
[White "Balazs, Sztella Anna"]
[Black "Nandin-Erdene, Davaademberel"]
[Result "0-1"]
[ECO "A11"]
[WhiteElo "1165"]
[BlackElo "1581"]
[Annotator "NA"]
[PlyCount "56"]
[EventDate "2019.06.21"]
[EventType "swiss"]
[EventCountry "HUN"]
[SourceTitle "playchess.com"]
[Source "ChessBase"]
[SourceQuality "1"]
[TimeControl "40/5400+30:1800+30"]

1. c4 c6 2. Nc3 d5 3. cxd5 cxd5 4. Nf3 Nf6 5. g3 Bf5 6. Bg2 e6 7. O-O Nc6 8. d4 Be7 9. Bg5 h6 10. Bf4 a6 11. Qb3 Na5 12. Qd1 O-O 13. Rc1 Rc8 14. Nh4 Be4 15. Nxe4 dxe4 16. Rxc8 Qxc8 17. Qd2 Nc4 18. Qc1 Nh7 19. Bxh6 gxh6 20. Qxh6 Bg5 21. Qh5 Nd6 22. f3 Qc4 23. Kh1 Qxd4 24. Qg4 Qg7 25. fxe4 Nf6 26. Qh3 Nfxe4 27. Qg4 f5 28. Qf3 Nd2 0-1

[Event "HUN-ch U8-U18 2019"]
[Site "Balatonlelle"]
[Date "2019.06.23"]
[Round "3.3"]
[White "Koltai, Dora"]
[Black "Juhasz, Judit"]
[Result "0-1"]
[ECO "A48"]
[WhiteElo "1773"]
[BlackElo "1963"]
[Annotator "NA"]
[PlyCount "102"]
[EventDate "2019.06.21"]
[EventType "swiss"]
[EventCountry "HUN"]
[SourceTitle "playchess.com"]
[Source "ChessBase"]
[SourceQuality "1"]
[TimeControl "40/5400+30:1800+30"]

1. d4 Nf6 2. Nf3 g6 3. Bg5 Bg7 4. c3 O-O 5. Nbd2 d6 6. e4 Bg4 7. Bc4 Nbd7 8. O-O e5 9. dxe5 Nxe5 10. Be2 Bxf3 11. Nxf3 h6 12. Bxf6 Nxf3+ 13. Bxf3 Qxf6 14. Qb3 Rab8 15. Rad1 Qf4 16. Rd3 Rfe8 17. g3 Qf6 18. Bg2 b5 19. Qa3 Qe6 20. Rd5 Rb7 21. Rfd1 Reb8 22. b4 Qe8 23. R5d3 Rb6 24. Qb3 Qe6 25. Qxe6 fxe6 26. f4 Kf7 27. Kf2 Ra6 28. R1d2 Ra3 29. Rc2 Rb6 30. Bf1 Rba6 31. e5 Rxa2 32. Re2 Ke7 33. exd6+ cxd6 34. Rde3 Rxe2+ 35. Bxe2 Ra3 36. Bxb5 Bxc3 37. Ke2 Ra2+ 38. Kd3 Ra3 39. Kc4 d5+ 40. Kd3 Bxb4+ 41. Ke2 Rxe3+ 42. Kxe3 Bc3 43. Kd3 Bf6 44. h3 g5 45. fxg5 Bxg5 46. g4 Kd6 47. Ba4 Kc5 48. Bd7 e5 49. Be6 e4+ 50. Ke2 d4 51. Bf5 d3+ 0-1

[Event "HUN-ch U8-U18 2019"]
[Site "Balatonlelle"]
[Date "2019.06.23"]
[Round "3.3"]
[White "Kiraly, Lilla Virag"]
[Black "Horvath, Greta"]
[Result "1-0"]
[ECO "C25"]
[WhiteElo "1557"]
[BlackElo "1020"]
[Annotator "NA"]
[PlyCount "37"]
[EventDate "2019.06.21"]
[EventType "swiss"]
[EventCountry "HUN"]
[SourceTitle "playchess.com"]
[Source "ChessBase"]
[SourceQuality "1"]
[TimeControl "40/5400+30:1800+30"]

1. e4 e5 2. Nc3 Nc6 3. Bc4 Bc5 4. d3 h6 5. f4 exf4 6. Bxf4 Qf6 7. Nge2 Nge7 8. Rf1 d6 9. Bg3 Qg5 10. h4 Qg4 11. Rf4 Qd7 12. Bxf7+ Kd8 13. d4 g5 14. Rf3 g4 15. Rf1 Bb4 16. Nf4 Bxc3+ 17. bxc3 Ng8 18. Ng6 Rh7 19. Bxg8 1-0

[Event "HUN-ch U8-U18 2019"]
[Site "Balatonlelle"]
[Date "2019.06.23"]
[Round "3.4"]
[White "Toth, Lili"]
[Black "Szarvas, Nora"]
[Result "1-0"]
[ECO "B06"]
[WhiteElo "2199"]
[BlackElo "1258"]
[Annotator "NA"]
[PlyCount "99"]
[EventDate "2019.06.21"]
[EventType "swiss"]
[EventCountry "HUN"]
[SourceTitle "playchess.com"]
[Source "ChessBase"]
[SourceQuality "1"]
[TimeControl "40/5400+30:1800+30"]

1. d4 g6 2. e4 Bg7 3. c4 c5 4. d5 d6 5. Nc3 Nf6 6. Bd3 O-O 7. Nge2 Na6 8. a3 Nc7 9. O-O a6 10. b4 cxb4 11. axb4 Bd7 12. Rb1 b5 13. c5 dxc5 14. bxc5 e6 15. d6 Nce8 16. e5 Ng4 17. f4 f6 18. h3 Nh6 19. Be4 Rc8 20. Be3 fxe5 21. fxe5 Rxf1+ 22. Qxf1 Nf7 23. Bb7 Rb8 24. c6 Rxb7 25. cxb7 Bc6 26. Bd4 Nxe5 27. Qf4 Nd3 28. Qe3 e5 29. Bc5 Nxc5 30. Qxc5 Bxb7 31. Rd1 Qg5 32. Qf2 Qd8 33. Ng3 Qd7 34. Nce4 Bxe4 35. Nxe4 h6 36. Nc5 Qd8 37. d7 Nc7 38. Nb7 Qb8 39. d8=Q+ Qxd8 40. Rxd8+ Kh7 41. Qf7 h5 42. Qxc7 Kh6 43. Qe7 b4 44. Qxb4 e4 45. Qd2+ Kh7 46. Rd7 a5 47. Qd5 a4 48. Qf7 Kh6 49. h4 e3 50. Qxg7# 1-0

[Event "HUN-ch U8-U18 2019"]
[Site "Balatonlelle"]
[Date "2019.06.23"]
[Round "3.5"]
[White "Geher, Koppany"]
[Black "Pribelszky, Bence"]
[Result "0-1"]
[ECO "C05"]
[WhiteElo "2089"]
[BlackElo "2244"]
[Annotator "ChessBase"]
[PlyCount "110"]
[EventDate "2019.06.21"]
[EventType "swiss"]
[EventCountry "HUN"]
[SourceTitle "playchess.com"]
[Source "ChessBase"]
[SourceQuality "1"]
[TimeControl "40/5400+30:1800+30"]

1. e4 e6 2. d4 d5 3. Nd2 Nf6 4. e5 Nfd7 5. f4 c5 6. c3 b6 7. Ndf3 Ba6 8. Bxa6 Nxa6 9. Ne2 Nc7 10. O-O f5 11. Be3 Be7 12. Kh1 c4 13. Rg1 h5 14. Qe1 Nf8 15. Qg3 Kf7 16. Rgb1 b5 17. Neg1 a5 18. Qe1 g6 19. Nh3 Nh7 20. b3 Qd7 21. Qd1 Rhb8 22. Bd2 Rb7 23. a3 cxb3 24. Qxb3 Qc6 25. Nf2 Nf8 26. Nh3 Nd7 27. Nhg5+ Kg7 28. h3 Nb6 29. Kh2 Nc4 30. Bc1 Rab8 31. Qc2 Rh8 32. Kh1 Na8 33. Qb3 a4 34. Qc2 Na5 35. Ra2 Rc8 36. Bd2 Nb3 37. Kh2 Nb6 38. Bc1 Nc4 39. Kh1 Rb6 40. Kh2 Nca5 41. Bb2 Bxg5 42. fxg5 Qc4 43. Bc1 Qxc3 44. Qxc3 Rxc3 45. Bd2 Nxd2 46. Nxd2 Nc4 47. Rba1 Nxd2 48. Rxd2 b4 49. axb4 Rxb4 50. Kg1 Rcc4 51. Rad1 Kf7 52. Kf2 Ke7 53. Ke3 Kd7 54. Rd3 Kc6 55. Ra1 Kb5 0-1

[Event "HUN-ch U8-U18 2019"]
[Site "Balatonlelle"]
[Date "2019.06.23"]
[Round "3.5"]
[White "Beznicza, Mira"]
[Black "Eros, Vivien"]
[Result "0-1"]
[ECO "C10"]
[WhiteElo "1188"]
[BlackElo "1317"]
[Annotator "NA"]
[PlyCount "54"]
[EventDate "2019.06.21"]
[EventType "swiss"]
[EventCountry "HUN"]
[SourceTitle "playchess.com"]
[Source "ChessBase"]
[SourceQuality "1"]
[TimeControl "40/5400+30:1800+30"]

1. e4 e6 2. Nf3 d5 3. Nc3 dxe4 4. Nxe4 Bd7 5. d4 Bc6 6. Bd3 Nd7 7. Qe2 Ngf6 8. O-O Nxe4 9. Bxe4 Bxe4 10. Qxe4 Nf6 11. Qxb7 Bd6 12. Bg5 O-O 13. Bxf6 Qxf6 14. Qe4 Rab8 15. Rab1 Rb5 16. c4 Rf5 17. g3 Rxf3 18. b3 Qf5 19. Qe2 Qg4 20. Qd2 h5 21. h4 Bf4 22. Qc2 Bxg3 23. fxg3 Rxg3+ 24. Kh1 Qxh4+ 25. Qh2 Qe4+ 26. Rf3 Qxf3+ 27. Qg2 Qxg2# 0-1

[Event "HUN-ch U8-U18 2019"]
[Site "Balatonlelle"]
[Date "2019.06.23"]
[Round "3.6"]
[White "Dibusz, Domonkos"]
[Black "Ongut, Tamas Gunes"]
[Result "1/2-1/2"]
[ECO "B90"]
[WhiteElo "2067"]
[BlackElo "2120"]
[Annotator "NA"]
[PlyCount "45"]
[EventDate "2019.06.21"]
[EventType "swiss"]
[EventCountry "HUN"]
[SourceTitle "playchess.com"]
[Source "ChessBase"]
[SourceQuality "1"]
[TimeControl "40/5400+30:1800+30"]

1. e4 c5 2. Nf3 d6 3. d4 cxd4 4. Nxd4 Nf6 5. Nc3 a6 6. Be3 e5 7. Nb3 Be6 8. h3 Be7 9. f4 exf4 10. Bxf4 Nc6 11. Qe2 Nd7 12. O-O-O Nce5 13. Nd5 Bxd5 14. exd5 O-O 15. Kb1 Re8 16. Qd2 b5 17. Nd4 Bf6 18. g4 g6 19. g5 Bg7 20. h4 Nb6 21. Bxe5 dxe5 22. Nc6 Qd6 23. Qb4 1/2-1/2

[Event "HUN-ch U8-U18 2019"]
[Site "Balatonlelle"]
[Date "2019.06.23"]
[Round "3.6"]
[White "Gabor, Maria"]
[Black "Molnar, Dalma Reka"]
[Result "1-0"]
[ECO "C50"]
[WhiteElo "1308"]
[BlackElo "1139"]
[Annotator "NA"]
[PlyCount "75"]
[EventDate "2019.06.21"]
[EventType "swiss"]
[EventCountry "HUN"]
[SourceTitle "playchess.com"]
[Source "ChessBase"]
[SourceQuality "1"]
[TimeControl "40/5400+30:1800+30"]

1. e4 e5 2. Nf3 Nc6 3. Bc4 Nf6 4. d3 Bc5 5. c3 d6 6. Bg5 h6 7. Bh4 g5 8. Bg3 Be6 9. Nbd2 Qd7 10. a4 Rg8 11. b4 h5 12. h3 h4 13. Bh2 Bxf2+ 14. Kxf2 g4 15. hxg4 Bxg4 16. Qe2 O-O-O 17. Ke1 h3 18. gxh3 Bxh3 19. Rg1 Qe7 20. Kd1 Ng4 21. Kc2 a5 22. b5 Nb8 23. Bg3 Nf6 24. Qf2 Ng4 25. Qa7 b6 26. Bh4 Nf6 27. Bd5 Kd7 28. Nc4 Be6 29. Nxb6+ Ke8 30. Rxg8+ Nxg8 31. Bxe7 Nxe7 32. Bxe6 fxe6 33. Qxc7 d5 34. exd5 exd5 35. Nxe5 d4 36. Rg1 dxc3 37. Rg8+ Nxg8 38. Qf7# 1-0

[Event "HUN-ch U8-U18 2019"]
[Site "Balatonlelle"]
[Date "2019.06.23"]
[Round "3.7"]
[White "Juhasz, Agoston"]
[Black "Borhy, Marcell"]
[Result "0-1"]
[ECO "B01"]
[WhiteElo "2161"]
[BlackElo "2374"]
[Annotator "NA"]
[PlyCount "85"]
[EventDate "2019.06.21"]
[EventType "swiss"]
[EventCountry "HUN"]
[SourceTitle "playchess.com"]
[Source "ChessBase"]
[SourceQuality "1"]
[TimeControl "40/5400+30:1800+30"]

1. e4 d5 2. exd5 Nf6 3. d4 Nxd5 4. c4 Nb6 5. Nc3 e5 6. dxe5 Qxd1+ 7. Nxd1 Nc6 8. f4 Be6 9. Ne3 Bc5 10. Nf3 Bxe3 11. Bxe3 Nxc4 12. Bxc4 Bxc4 13. b3 Ba6 14. Kf2 Nb4 15. Ng5 h6 16. Ne4 Nd3+ 17. Kf3 b6 18. Nf2 Bb7+ 19. Ke2 Nb4 20. a3 Nd5 21. Rac1 O-O-O 22. Nd3 g5 23. fxg5 Nxe3 24. Kxe3 hxg5 25. Rc2 Rh4 26. Rc4 Ba6 27. Rc3 Rhd4 28. Nb4 Bb7 29. Nc6 Bxc6 30. Rxc6 Rd3+ 31. Ke4 Rxb3 32. Rhc1 Rd7 33. R1c3 Rxc3 34. Rxc3 c5 35. Kf5 Rd2 36. Kxg5 Rxg2+ 37. Kf6 Rf2+ 38. Ke7 Kc7 39. Rd3 c4 40. Rd4 b5 41. h4 Rf5 42. Re4 Kc6 43. e6 0-1

[Event "HUN-ch U8-U18 2019"]
[Site "Balatonlelle"]
[Date "2019.06.23"]
[Round "3.7"]
[White "Palczert, Botond"]
[Black "Papp, Bence"]
[Result "1/2-1/2"]
[ECO "A80"]
[WhiteElo "2068"]
[BlackElo "2094"]
[Annotator "NA"]
[PlyCount "132"]
[EventDate "2019.06.21"]
[EventType "swiss"]
[EventCountry "HUN"]
[SourceTitle "playchess.com"]
[Source "ChessBase"]
[SourceQuality "1"]
[TimeControl "40/5400+30:1800+30"]

1. d4 f5 2. Nc3 Nf6 3. Bg5 d5 4. Bxf6 exf6 5. e3 Be6 6. Qf3 c6 7. Bd3 g6 8. Nge2 Nd7 9. O-O-O Bd6 10. h3 Qe7 11. g4 fxg4 12. hxg4 O-O-O 13. Rh6 Rhg8 14. Nf4 Bxf4 15. Qxf4 Nf8 16. Na4 Rg7 17. Nc5 Bg8 18. Be2 Qd6 19. Qxd6 Rxd6 20. Rdh1 Re7 21. Bf3 b6 22. Nd3 Ne6 23. Kd2 Ng5 24. Bg2 Be6 25. f4 Nf7 26. Rxh7 Bxg4 27. Bh3 Bxh3 28. R1xh3 Rde6 29. f5 gxf5 30. Nf4 Re4 31. b3 Ng5 32. Rxe7 Rxe7 33. Rh8+ Kb7 34. Rh5 Kc7 35. Kd3 Kd6 36. Rh6 Ne4 37. Rh5 Nf2+ 38. Kd2 Ne4+ 39. Kd3 Rg7 40. c4 Rg1 41. cxd5 Rd1+ 42. Kc2 Rd2+ 43. Kc1 Rxa2 44. dxc6 Kxc6 45. Rxf5 Rf2 46. Rh5 Rf3 47. Nd5 a5 48. Rf5 Rxf5 49. Ne7+ Kb5 50. Nxf5 Kb4 51. Kc2 b5 52. Ne7 a4 53. Nd5+ Ka5 54. bxa4 bxa4 55. Kb2 f5 56. Ne7 Nd6 57. Nc6+ Kb5 58. Ne5 Kb4 59. Nc6+ Kb5 60. Ne5 Ne8 61. Nf7 Kc4 62. Ka3 Kb5 63. d5 Kc5 64. Kxa4 Kxd5 65. Nh6 Ke4 66. Nxf5 Kxf5 1/2-1/2

[Event "HUN-ch U8-U18 2019"]
[Site "Balatonlelle"]
[Date "2019.06.23"]
[Round "3.8"]
[White "Karacsonyi, Gellert"]
[Black "Virag, Balint"]
[Result "1/2-1/2"]
[ECO "C07"]
[WhiteElo "2304"]
[BlackElo "2173"]
[Annotator "NA"]
[PlyCount "83"]
[EventDate "2019.06.21"]
[EventType "swiss"]
[EventCountry "HUN"]
[SourceTitle "playchess.com"]
[Source "ChessBase"]
[SourceQuality "1"]
[TimeControl "40/5400+30:1800+30"]

1. e4 e6 2. d4 d5 3. Nd2 c5 4. exd5 Qxd5 5. Ngf3 cxd4 6. Bc4 Qd6 7. O-O Nf6 8. Nb3 Nc6 9. Nbxd4 Nxd4 10. Nxd4 a6 11. Re1 Qc7 12. Bf1 Be7 13. Qf3 O-O 14. Bf4 Qb6 15. Rad1 e5 16. Qb3 Qxb3 17. Nxb3 Bf5 18. c3 e4 19. h3 h5 20. Na5 b5 21. Nc6 Bc5 22. Bd6 Bxd6 23. Rxd6 Be6 24. a3 Rfe8 25. g3 Bd5 26. Bg2 Re6 27. Rxe6 Bxe6 28. Kh2 Re8 29. Nd4 Bd5 30. Nc2 Bc6 31. Rd1 Nd5 32. Nd4 Bb7 33. Re1 Nb6 34. Nf5 Re6 35. Rd1 Nd5 36. Kg1 g6 37. Ne3 Re5 38. Kf1 Nxe3+ 39. fxe3 Rd5 40. Rd4 f5 41. Ke2 Kf7 42. h4 1/2-1/2

[Event "HUN-ch U8-U18 2019"]
[Site "Balatonlelle"]
[Date "2019.06.23"]
[Round "3.8"]
[White "Pasztor, Balazs"]
[Black "Daroczi, Donat"]
[Result "1-0"]
[ECO "C02"]
[WhiteElo "2215"]
[BlackElo "2050"]
[Annotator "NA"]
[PlyCount "55"]
[EventDate "2019.06.21"]
[EventType "swiss"]
[EventCountry "HUN"]
[SourceTitle "playchess.com"]
[Source "ChessBase"]
[SourceQuality "1"]
[TimeControl "40/5400+30:1800+30"]

1. e4 e6 2. d4 d5 3. e5 c5 4. c3 Ne7 5. Nf3 Nec6 6. a3 a5 7. a4 b6 8. Na3 cxd4 9. cxd4 Ba6 10. Nb5 Be7 11. Be2 Nb4 12. O-O O-O 13. Bf4 Nd7 14. Rc1 Bxb5 15. Bxb5 Rc8 16. Qe2 Rc7 17. h4 Qb8 18. h5 Rfc8 19. h6 g6 20. Rxc7 Rxc7 21. Bg5 Qd8 22. Qe3 Bxg5 23. Nxg5 Nc2 24. Qf4 Qe7 25. Rc1 f6 26. exf6 Nxf6 27. Bd3 Nh5 28. Qe5 1-0

[Event "HUN-ch U8-U18 2019"]
[Site "Balatonlelle"]
[Date "2019.06.23"]
[Round "3.9"]
[White "Leszko, Bence"]
[Black "Forgacs, Andras"]
[Result "1-0"]
[ECO "B10"]
[WhiteElo "2135"]
[BlackElo "1873"]
[Annotator "NA"]
[PlyCount "97"]
[EventDate "2019.06.21"]
[EventType "swiss"]
[EventCountry "HUN"]
[SourceTitle "playchess.com"]
[Source "ChessBase"]
[SourceQuality "1"]
[TimeControl "40/5400+30:1800+30"]

1. e4 c6 2. Nc3 d5 3. Nf3 dxe4 4. Nxe4 Bf5 5. Ng3 Bg6 6. h4 h6 7. Ne5 Qd6 8. d4 Nd7 9. Nxg6 Qxg6 10. Bc4 Qd6 11. O-O e6 12. Re1 Be7 13. Ne4 Qb4 14. b3 Ngf6 15. a4 Qb6 16. Nxf6+ Nxf6 17. a5 Qc7 18. a6 b6 19. Qf3 Rd8 20. c3 b5 21. Bd3 b4 22. Bb2 bxc3 23. Bxc3 Nd5 24. Ba5 Nb6 25. Rac1 Rd5 26. b4 Qd7 27. Be4 O-O 28. Bxb6 axb6 29. Bxd5 exd5 30. Qc3 Rc8 31. g3 Bf6 32. Qe3 Ra8 33. Qd3 Qd6 34. Red1 Qxb4 35. Rxc6 Qa5 36. Qb1 Qxa6 37. Rxb6 Qc4 38. Qb3 Ra4 39. Rb8+ Kh7 40. Qf3 Qc2 41. Kg2 Rxd4 42. Rxd4 Bxd4 43. Qxf7 Qe4+ 44. Qf3 Qxf3+ 45. Kxf3 Bf6 46. h5 g6 47. Rb7+ Bg7 48. Kg4 d4 49. Rd7 1-0

[Event "HUN-ch U8-U18 2019"]
[Site "Balatonlelle"]
[Date "2019.06.23"]
[Round "3.9"]
[White "Kozsik, Bende Barnabas"]
[Black "Pasti, Aron"]
[Result "1/2-1/2"]
[ECO "C84"]
[WhiteElo "2089"]
[BlackElo "2193"]
[Annotator "ChessBase"]
[PlyCount "107"]
[EventDate "2019.06.21"]
[EventType "swiss"]
[EventCountry "HUN"]
[SourceTitle "playchess.com"]
[Source "ChessBase"]
[SourceQuality "1"]
[TimeControl "40/5400+30:1800+30"]

1. e4 e5 2. Nf3 Nc6 3. Bb5 a6 4. Ba4 Nf6 5. O-O Be7 6. c3 Nxe4 7. Re1 Nf6 8. Bxc6 dxc6 9. Nxe5 O-O 10. d4 c5 11. Be3 cxd4 12. Qxd4 Bd6 13. Bg5 Re8 14. Nd2 c5 15. Qf4 h6 16. Bxf6 gxf6 17. Qg3+ Kh7 18. Qd3+ f5 19. Ndc4 Bxe5 20. Nxe5 Be6 21. Qf3 Qd5 22. Qxd5 Bxd5 23. Nd7 Rxe1+ 24. Rxe1 Bxa2 25. Nxc5 b6 26. Ra1 Bc4 27. Nd7 b5 28. Nb6 Rb8 29. Rxa6 Be2 30. Nd7 Rd8 31. Rd6 Kg7 32. Nf6 Ra8 33. f3 Bc4 34. Nd5 Ra1+ 35. Kf2 Ra2 36. Kg3 Rxb2 37. Ne3 Be6 38. Rb6 Rb3 39. Kf4 Kf6 40. h4 h5 41. g3 Kg7 42. Rc6 b4 43. Rb6 Rxc3 44. Rxb4 Kf6 45. Rd4 Rc5 46. Nd1 Rc2 47. Ne3 Rc5 48. Nf1 Ra5 49. Nd2 Ra3 50. Nf1 Ra5 51. Ne3 Rc5 52. Rd6 Ra5 53. Rd4 Rc5 54. Rb4 {[%emt 0:01:41] Ke5+ Ke4+} 1/2-1/2